 Dungeon Crawl Stone Soup version 0.28-a0-750-g7c675f85b1 (webtiles) character file.

Game seed: 644290474577840627

601 marklar909 the Grasshopper (level 7, -2/56 HPs)
             Began as a Palentonga Warper on Oct 29, 2021.
             Slain by a wyvern zombie (10 damage)
             ... on level 4 of the Dungeon.
             The game lasted 00:14:30 (7231 turns).

marklar909 the Grasshopper (Palentonga Warper)      Turns: 7231, Time: 00:14:31

Health: -2/56      AC: 13    Str: 15    XL:     7   Next: 18%
Magic:  0/10       EV:  7    Int: 14    God:
Gold:   149        SH:  0    Dex: 10    Spells: 5/10 levels left

rFire   . . .      SeeInvis +   k - +0 flail
rCold   . . .      Faith    .   (no shield)
rNeg    . . .      Spirit   +   j - +0 scale mail
rPois   .          Reflect  .   (no helmet)
rElec   .          Harm     .   (no cloak)
rCorr   .          Rampage  .   (no gloves)
Will    .....                   (no barding)
Stlth   ..........              d - amulet of guardian spirit
HPRegen 0.18/turn               (no ring)
MPRegen 0.12/turn               (no ring)

@: curled up
A: large, rugged brown scales 3, see invisible, deformed body, roll 1, armoured
tail, reflexive curl
a: Rolling Charge


You were on level 4 of the Dungeon.
You visited 1 branch of the dungeon, and saw 6 of its levels.

You collected 149 gold pieces.

Inventory:

Hand Weapons
 k - a +0 flail (weapon)
Missiles
 f - 11 poisoned darts
 g - 149 stones (quivered)
 n - 6 boomerangs
Armour
 j - a +0 scale mail (worn)
 l - a +0 chain mail
Jewellery
 d - an amulet of guardian spirit (around neck)
Scrolls
 b - a scroll of silence
 c - 3 scrolls of identify
 e - a scroll of fog {unknown}
 h - 2 scrolls of magic mapping
 i - a scroll of enchant armour {unknown}
 o - a scroll of torment {unknown}
Potions
 a - a potion of lignification {unknown}
 m - a potion of curing {unknown}


   Skills:
 * Level 3.7 Fighting
 + Level 4.2 Maces & Flails
 + Level 1.9 Throwing
 * Level 2.7 Armour
 + Level 2.2 Dodging
 - Level 0.3 Stealth
 + Level 2.0 Spellcasting
 * Level 4.4 Translocations


You had 5 spell levels left.
You knew the following spells:

 Your Spells              Type           Power      Damage    Failure   Level
a - Blink                 Tloc           26%        N/A       22%         2
b - Gell's Gravitas       Tloc           6%         N/A       41%         3

Your spell library contained the following spells:

 Spells                   Type           Power      Damage    Failure   Level
 Lesser Beckoning         Tloc           13%        N/A       41%         3
 Teleport Other           Tloc           13%        N/A       41%         3
 Manifold Assault         Tloc           13%        N/A       99%         5


Dungeon Overview and Level Annotations

Branches:
Dungeon (6/15)
 Temple: D:4-7

Altars:


Innate Abilities, Weirdness & Mutations

You are completely covered in rugged brown scales. (AC +3, +7% HP)
You have supernaturally acute eyesight. (SInv)
Armour fits poorly on your strangely shaped body.
You can roll at nearby foes to attack.
You have a long armoured tail.
You curl defensively after being hit.


Message History

The wyvern zombie bites you!
Unknown command.
You completely miss the wyvern zombie.
The wyvern zombie is lightly damaged.
The wyvern zombie closely misses you. The wyvern zombie barely misses you.
You hit the wyvern zombie but do no damage.
The wyvern zombie is lightly damaged.
The wyvern zombie barely misses you. The wyvern zombie closely misses you.
You hit the wyvern zombie. You tail-slap the wyvern zombie.
The wyvern zombie is moderately damaged.
The wyvern zombie closely misses you.
You barely miss the wyvern zombie.
The wyvern zombie is moderately damaged.
The orc priest shouts!
You hear a shout!
The wyvern zombie bites you. x2
You sock the wyvern zombie! You tail-slap the wyvern zombie.
The wyvern zombie is almost destroyed.
The wyvern zombie barely misses you.
You barely miss the wyvern zombie. You tail-slap the wyvern zombie!
The wyvern zombie is almost destroyed.
The wyvern zombie closely misses you. The wyvern zombie bites you!
The orc priest miscasts a cantrip.
The wyvern zombie bites you but does no damage.
The orc priest begins to cast a cantrip, but forgets the words!
The orc wizard mumbles some strange words.
The orc wizard flickers and vanishes for a moment.
The wyvern zombie barely misses you.
Things that are here:
a +0 dagger; a +0 leather armour; an orc corpse The wyvern zombie bites you!
The wyvern zombie bites you but does no damage.
The orc priest calls down the wrath of Beogh upon you.
Beogh smites you! The wyvern zombie bites you. The wyvern zombie bites you.
The orc priest invokes the aid of Beogh against you.
Beogh smites you!
* * * LOW HITPOINT WARNING * * *
The wyvern zombie bites you!
You die...

#......# ##.###..[<.........#
.#.....######..#
##............#
.......##.....##
##...##..#####
#......#..##### #...##.##
#.o......## #.......#
...o.#.##### #.....#.##
#..).......# ###.#....#
#.###...##.##########<......#
... #....#.....Z@.....#.....#
....#....o..#########.##....#
..................# ####....#
#..##.#.#.........# ######
#####...#.........#
###.#.........# ###.........#
#.........# #.........#


You could see an orc priest and a wyvern zombie.

Vanquished Creatures
  A necrophage (D:4)
  2 water moccasin skeletons (D:4)
  A centaur zombie (D:4)
  2 orc priests (D:2)
  3 iguanas
  2 orc wizards
  4 adders
  7 gnolls (D:3)
  An adder skeleton (D:4)
  2 dart slugs
  4 orcs
  5 bats
  11 endoplasms
  2 giant cockroaches
  8 goblins
  10 hobgoblins
  3 jackals (D:1)
  12 kobolds
  7 ball pythons
  4 frilled lizards
  8 rats
99 creatures vanquished.

Notes
Turn   | Place    | Note
-------+----------+-------------------------------------------
     0 | D:1      | marklar909 the Palentonga Warper began the quest for the
                  | Orb.
     0 | D:1      | Reached XP level 1. HP: 17/17 MP: 3/3
   592 | D:1      | Reached XP level 2. HP: 21/23 MP: 5/5
  1590 | D:1      | Reached XP level 3. HP: 25/28 MP: 6/6
  1594 | D:1      | Reached skill level 1 in Throwing
  1602 | D:1      | Learned a level 2 spell: Blink
  1606 | D:1      | Learned a level 3 spell: Gell's Gravitas
  2096 | D:1      | Reached skill level 1 in Armour
  2789 | D:2      | Reached XP level 4. HP: 22/36 MP: 7/7
  3307 | D:2      | Reached XP level 5. HP: 41/41 MP: 8/8
  4422 | D:3      | You fall into a shaft and drop 3 floors!
  4441 | D:5      | Entered Level 5 of the Dungeon
  5481 | D:4      | Reached XP level 6. HP: 44/50 MP: 7/9
  6518 | D:4      | Gained mutation: You curl defensively after being hit.
                  | [Palentonga growth]
  6518 | D:4      | Reached XP level 7. HP: 47/56 MP: 8/10
  7231 | D:4      | Slain by a wyvern zombie

Illustrated notes

Levels and vault maps discovered:
D:1:      dpeg_arrival_stone_temple_mockup, layout_basic, serial_corexii_hall,
          chequers_hall_statues_wall_a, chequers_hall_statues_y,
          corexii_hall_statues_x, corexii_hall_statues_i, minmay_close_crescents
D:2:      layout_basic
D:3:      layout_loops_cross
D:4:      kennysheep_big_flooded_room, layout_rooms
D:5:      layout_rooms, serial_shops, kennysheep_mini_moat, uniq_blork_the_orc
D:6:      layout_cave_pools

Skill      XL: |  1  2  3  4  5  6 |
---------------+-------------------+-----
Throwing       | 1 |  1.9
Dodging        | 2 |  2.2
Armour         | 1 2 |  2.7
Maces & Flails | 3 4 |  4.2
Fighting       | 3 |  3.7
Translocations | 4 |  4.4
Stealth        | |  0.3
Spellcasting   | |  2.0

Action                   |  1- 3 |  4- 6 |  7- 9 || total
-------------------------+-------+-------+-------++-------
Melee: Mace              |    46 |       |       ||    46
       Tailslap          |    15 |    18 |     4 ||    37
       Whip              |   115 |    15 |       ||   130
       Flail             |       |   156 |    30 ||   186
Throw: Boomerang         |     5 |       |       ||     5
       Stone             |    65 |   118 |    36 ||   219
 Abil: Rolling Charge    |       |    10 |       ||    10
  Use: Potion            |     1 |       |       ||     1
       Scroll            |       |     4 |       ||     4
Armor: Leather armour    |    86 |       |       ||    86
       Ring mail         |       |    11 |       ||    11
       Chain mail        |       |   100 |       ||   100
       Scale mail        |       |    12 |    10 ||    22
Dodge: Dodged            |    94 |    51 |    16 ||   161

Table legend: (Time is in decaauts)
 A = Elapsed time spent in this place.
 B = Non-inter-level travel time spent in this place.
 C = Inter-level travel time spent in this place.
 D = Time resting spent in this place.
 E = Time spent auto-exploring this place.
 F = Levels seen in this place.
 G = Mean time per level.
                   A        B        C        D        E       F      G
               +--------+--------+--------+--------+--------+-----+--------+
         Total |   7295 |   6579 |    716 |   1827 |   3186 |   6 | 1215.8 |
       Dungeon |   7295 |   6579 |    716 |   1827 |   3186 |   6 | 1215.8 |
               +--------+--------+--------+--------+--------+-----+--------+

Top non-repeatable levels by time:
     D:1: 2668 daAuts
     D:3: 2223 daAuts
     D:2: 1435 daAuts
     D:4: 943 daAuts
     D:6: 18 daAuts
     D:5: 5 daAuts
